 Dungeon Crawl Stone Soup version 0.16.1-4-g8e1b745 (webtiles) character file.

72 inmateoo the Grave Robber (level 4, 0/30 HPs)
             Began as a Demonspawn Necromancer on Mar 26, 2015.
             Was an Initiate of Ashenzari.
             Slain by an orc priest
             ... wielding a +0 whip
              (3 damage)
             ... on level 3 of the Dungeon.
             The game lasted 00:03:18 (1991 turns).

inmateoo the Grave Robber (Demonspawn Necromancer)  Turns: 1991, Time: 00:03:18

Health: 0/30       AC:  2    Str:  8    XL:     4   Next: 6%
Magic:  2/8        EV: 12    Int: 15    God:    Ashenzari [......]
Gold:   96         SH:  0    Dex: 14    Spells: 4 memorised, 0 levels left

rFire  . . .     SeeInvis .     j - +0 dagger (drain)
rCold  . . .     Clarity  .     a - +0 robe
rNeg   . . .     SustAb   .     (no shield)
rPois  +         Gourm    .     (no helmet)
rElec  .         Spirit   .     (no cloak)
rCorr  .         Warding  .     (no gloves)
rMut   .         Stasis   .     (no boots)
MR     .....                    (no amulet)
Stlth  ++++......               (no ring)
                                (no ring)

@: very slightly contaminated, not resistant to hostile enchantments, stealthy
A: dopey 1, nightstalker 2, poison resistance, placid magic 1
a: Renounce Religion


You were on level 3 of the Dungeon.
You worshipped Ashenzari.
Ashenzari was noncommittal.
You were very hungry.

You visited 1 branch of the dungeon, and saw 3 of its levels.

You collected 96 gold pieces.

Inventory:

Hand weapons
 j - a +0 dagger of draining (weapon)
Armour
 a - a +0 robe (worn)
Scrolls
 e - a scroll of identify
Potions
 d - a potion of curing
 f - a potion of might
 g - a potion of heal wounds {unknown}
 k - 2 potions of agility {unknown}
 m - a potion of ambrosia {unknown}
Books
 b - a book of Necromancy

   Spells                             Type                      Level
   a - Pain                           Necromancy                   1
   b - Animate Skeleton               Necromancy                   1
   c - Vampiric Draining              Necromancy                   3
   d - Regeneration                   Charms/Necromancy            3
   e - Animate Dead                   Necromancy                   4
   f - Control Undead                 Necromancy                   4
Comestibles
 c - 2 bread rations
 h - 2 meat rations
 i - 3 fruits
 l - a beef jerky


   Skills:
 + Level 2.2 Dodging
 + Level 2.3 Stealth
 + Level 2.5 Spellcasting
 * Level 5.3 Necromancy


You couldn't memorise any spells.
You knew the following spells:

 Your Spells              Type           Power        Failure   Level  Hunger
a - Pain                  Necr           ##..         1%          1    #......
b - Animate Skeleton      Necr           N/A          1%          1    #......
c - Vampiric Draining     Necr           ##........   4%          3    ###....
d - Regeneration          Chrm/Necr      #.........   13%         3    ###....


Dungeon Overview and Level Annotations

Branches:
Dungeon (3/15)

Altars:
Ashenzari
Yredelemnul


Innate Abilities, Weirdness & Mutations

You are significantly more attuned to the shadows.
You are dopey. (Int -2)
Your system is resistant to poisons.
Your spells are a little easier to cast, but a little less powerful.


Message History

The orc priest mumbles some strange prayers to Beogh against you.
Pain shoots through your body!
Casting: Pain
Confirm with . or Enter, or press ? or * to list all spells.
Aiming: Pain
Press: ? - help, Shift-Dir - straight line, f/p - orc priest
Aim: an orc priest, wielding a whip and wearing a ring mail (lightly wounded, heavily drained, chance 66%)
The orc priest struggles to resist.
The orc priest hits you with a whip.
* * * LOW HITPOINT WARNING * * *
Casting: Pain
Confirm with . or Enter, or press ? or * to list all spells.
You miscast Regeneration.
You are very lightly contaminated with residual magic.
Nothing appears to happen.
You are feeling very hungry.
Unknown command.
You closely miss the orc priest.
The orc priest is lightly wounded.
The orc priest hits you with a whip.
You die...

.#.#..###########............#.#
.#.#.......# #............#.#
...##.##...# #.........)..#.#
.......#...# #..).........#.#
...##..#...# #............#.#
.......#...######..............#
#.[........##................####
....#.##...##....................
#...#..#...##...@..#####.........
#...#. #...##...o).# #.........
#.#.#.##...##......# #.........
#.#.#......##......# #.........
#.#.#.###..##......# #.........
#.#........##......# ##########
#.#....###.##.#######
#.#......#........<.#
#.#.#<.#.#..........#


You could see an orc priest.

Vanquished Creatures
  3 adders
  A giant gecko (D:3)
  An ooze (D:3)
  An orc (D:3)
  9 bats
  10 goblins
  5 hobgoblins
  6 kobolds
  A giant cockroach (D:3)
  2 giant newts (D:3)
  7 rats
46 creatures vanquished.

Notes
Turn   | Place    | Note
--------------------------------------------------------------
     0 | D:1      | inmateoo, the Demonspawn Necromancer, began the quest for the Orb.
     0 | D:1      | Reached XP level 1. HP: 13/13 MP: 3/3
   224 | D:1      | Gained mutation: You are slightly more attuned to the shadows. [demonic ancestry]
   224 | D:1      | Reached XP level 2. HP: 14/19 MP: 2/4
   240 | D:1      | Learned a level 1 spell: Animate Skeleton
   876 | D:2      | Found a basalt altar of Yredelemnul.
   905 | D:2      | Gained mutation: You are significantly more attuned to the shadows. [demonic ancestry]
   905 | D:2      | Reached XP level 3. HP: 3/24 MP: 1/6
   919 | D:2      | Learned a level 3 spell: Vampiric Draining
  1046 | D:2      | Reached skill level 5 in Necromancy
  1510 | D:3      | Found a shattered altar of Ashenzari.
  1585 | D:3      | Became a worshipper of Ashenzari the Shackled
  1589 | D:3      | Gained mutation: Your system is resistant to poisons. [potion of mutation]
  1589 | D:3      | Gained mutation: You are dopey. (Int -2) [potion of mutation]
  1589 | D:3      | Gained mutation: Your spells are a little easier to cast, but a little less powerful. [potion of mutation]
  1871 | D:3      | Reached XP level 4. HP: 23/30 MP: 0/8
  1938 | D:3      | Learned a level 3 spell: Regeneration
  1991 | D:3      | Slain by an orc priest

Action                   |  1- 3 |  4- 6 || total
-------------------------+-------+-------++-------
Melee: Club              |    21 |       ||    21
       Unarmed           |     1 |       ||     1
       Dagger            |    55 |     7 ||    62
 Cast: Pain              |    28 |     3 ||    31
       Vampiric Draining |     2 |       ||     2
  Use: Scroll            |     3 |       ||     3
       Potion            |     2 |       ||     2
 Stab: Sleeping          |     8 |       ||     8
  Eat: Chunk             |     3 |       ||     3
